 Dungeon Crawl Stone Soup version 0.21.1-1-g345015f (webtiles) character file.

329 relionnb the Ruffian (level 6, 0/55 HPs)
             Began as a Troll Earth Elementalist on Mar 8, 2018.
             Slain by Mgcat's ghost (4 damage)
             ... on level 3 of the Dungeon.
             The game lasted 00:15:16 (2210 turns).

relionnb the Ruffian (Troll Earth Elementalist)     Turns: 2210, Time: 00:15:17

Health: 0/55       AC:  5    Str: 19    XL:     6   Next: 25%
Magic:  7/7        EV: 10    Int: 11    God:
Gold:   167        SH:  0    Dex: 10    Spells: 4/7 levels left

rFire    . . .     SeeInvis .   x - +0 scythe
rCold    . . .     Gourm    +   (shield currently unavailable)
rNeg     . . .     Faith    .   y - +0 robe
rPois    .         Spirit   .   (helmet restricted)
rElec    .         Reflect  .   (no cloak)
rCorr    .         Harm     .   (gloves unavailable)
MR       .....                  (boots unavailable)
Stlth    ++........             (no amulet)
HPRegen  0.58/turn              (no ring)
MPRegen  0.10/turn              (no ring)

@: no status effects
A: large, unfitting armour, claws 3, fast metabolism 3, gourmand, regeneration
1, shaggy fur 1, tough skin 2
a: no special abilities


You were on level 3 of the Dungeon.
You were very full.

You visited 1 branch of the dungeon, and saw 3 of its levels.

You collected 167 gold pieces.

Inventory:

Hand Weapons
 q - a +0 hunting sling
 s - a +0 dagger
 t - a +0 hunting sling
 x - a +0 scythe (weapon)
Missiles
 b - 83 stones
 j - 27 poisoned needles
 v - 15 sling bullets (quivered)
 w - 34 bolts
Armour
 c - a +0 robe
 y - a +0 robe (worn)
Jewellery
 r - an uncursed ring of stealth {unknown}
Scrolls
 a - 6 scrolls of identify {unknown}
 h - 3 scrolls of magic mapping {unknown}
 k - 2 scrolls of remove curse {unknown}
 m - 2 scrolls of teleportation {unknown}
 n - a scroll of noise {unknown}
 o - a scroll of blinking {unknown}
 u - a scroll of enchant weapon {unknown}
Potions
 f - 2 potions of lignification {unknown}
 g - a potion of degeneration {unknown}
 l - a potion of curing {unknown}
 p - a potion of resistance {unknown}
Books
 e - a book of Geomancy

   Spells                             Type                      Level
   a - Sandblast                      Earth                        1
   b - Passwall                       Transmutation/Earth          2
   c - Stone Arrow                    Conjuration/Earth            3
   d - Petrify                        Transmutation/Earth          4
   e - Lee's Rapid Deconstruction     Earth                        5
Comestibles
 d - 3 rations
 i - 5 chunks of flesh


   Skills:
 + Level 1.1 Fighting
 + Level 2.9 Dodging
 - Level 1.4 Stealth
 + Level 3.7 Unarmed Combat
 + Level 1.3 Spellcasting
 + Level 0.6 Transmutations
 * Level 3.7 Earth Magic


You had 4 spell levels left.
You knew the following spells:

 Your Spells              Type           Power        Failure   Level  Hunger
a - Sandblast             Erth           #.....       7%          1    ##.....
b - Passwall              Tmut/Erth      #.........   19%         2    ###....


Dungeon Overview and Level Annotations

Branches:
Dungeon (3/15)

Altars:

Annotations:
D:3 Mgcat's ghost, amateur FoCK


Innate Abilities, Weirdness & Mutations

You are too large for most types of armour.
You have claws for hands.
Your metabolism is lightning-fast.
You like to eat raw meat.
Your natural rate of healing is unusually fast.
You are covered in fur. (AC +1)
You have very tough skin. (AC +2)


Message History

You hit Mgcat's ghost but do no damage.
Mgcat's ghost is moderately damaged.
Mgcat's ghost misses you. Mgcat's ghost hits you.
You hit Mgcat's ghost.
Mgcat's ghost is heavily damaged.
Mgcat's ghost whispers, "They're coming for you..."
Mgcat's ghost hits you! Mgcat's ghost closely misses you.
You hit Mgcat's ghost but do no damage.
Mgcat's ghost is heavily damaged.
Mgcat's ghost hits you but does no damage.
Mgcat's ghost hits you!
* * * LOW HITPOINT WARNING * * *
You closely miss Mgcat's ghost.
Mgcat's ghost is heavily damaged.
Mgcat's ghost closely misses you. Mgcat's ghost hits you!
* * * LOW HITPOINT WARNING * * *
You closely miss Mgcat's ghost.
Mgcat's ghost is heavily damaged.
Mgcat's ghost hits you.
You die...

#.......# #....# #.......#
#+# #....# #.......# #.#
#....# #.......####.##
#....# #######.##...[#
#....# #....#.##....# ######
#....#.##....# ###
#....#.##....#
##...#....#@##....# #
.....#....#W##..).##########
...........l...............>
#..........####.###.######.
##'#.......# #............
#.......########.####...
#.......#...........<...
....?....#.######.####...
..<........#...............


You could see Mgcat's ghost and a frilled lizard.

Vanquished Creatures
  Sigmund (D:3)
  A hound (D:2)
  An orc wizard (D:3)
  3 adders (D:2)
  4 worms
  4 dart slugs (D:1)
  3 leopard geckos
  2 orcs (D:3)
  9 bats
  6 giant cockroaches
  9 hobgoblins
  4 jackals (D:1)
  2 quokkas
  A ball python (D:1)
  8 frilled lizards
  5 goblins
  5 kobolds
  7 rats
75 creatures vanquished.

Vanquished Creatures (others)
  A hobgoblin (D:1)
1 creature vanquished.

Grand Total: 76 creatures vanquished

Notes
Turn   | Place    | Note
-------+----------+-------------------------------------------
     0 | D:1      | relionnb the Troll Earth Elementalist began the quest for the Orb.
     0 | D:1      | Reached XP level 1. HP: 16/16 MP: 1/1
   138 | D:1      | Reached XP level 2. HP: 19/24 MP: 2/2
   285 | D:1      | Reached XP level 3. HP: 30/31 MP: 3/3
   298 | D:1      | Learned a level 2 spell: Passwall
   460 | D:1      | Reached skill level 1 in Unarmed Combat
  1003 | D:1      | You fall through a shaft!
  1122 | D:2      | Reached XP level 4. HP: 29/40 MP: 5/5
  1662 | D:2      | Reached XP level 5. HP: 41/46 MP: 6/6
  2098 | D:3      | Noticed Mgcat's ghost (amateur FoCK)
  2124 | D:3      | Noticed Sigmund
  2170 | D:3      | Killed Sigmund
  2170 | D:3      | Reached skill level 1 in Fighting
  2170 | D:3      | Reached XP level 6. HP: 18/55 MP: 5/7
  2210 | D:3      | Slain by Mgcat's ghost

Skill      XL: |  1  2  3  4  5 |
---------------+----------------+-----
Dodging        | 2 |  2.9
Unarmed Combat | 1 2 3 |  3.7
Earth Magic    | 3 |  3.7
Fighting       | 1 |  1.1
Stealth        | |  1.4
Spellcasting   | |  1.3
Transmutations | |  0.6

Action                   |  1- 3 |  4- 6 || total
-------------------------+-------+-------++-------
Melee: Unarmed           |   158 |   130 ||   288
       Scythe            |       |    10 ||    10
Throw: Stone             |     1 |       ||     1
 Cast: Passwall          |     1 |       ||     1
       Sandblast         |       |     1 ||     1
 Stab: Sleeping          |     1 |     1 ||     2
  Eat: Chunk             |    16 |    10 ||    26
Armor: Robe              |   112 |    38 ||   150
Dodge: Dodged            |   160 |    83 ||   243
